 Dungeon Crawl Stone Soup version 0.28-a0-1152-g9c71ebef14 (webtiles) character file.

Game seed: 1495782424197563731

19765 fragbeetle the Martial Artist (level 12, -5/111 HPs)
             Began as a Merfolk Transmuter on Dec 15, 2021.
             Was a Priest of Makhleb.
             Slain by a yak (14 damage)
             ... on level 2 of the Lair of Beasts.
             The game lasted 01:08:40 (17771 turns).

fragbeetle the Martial Artist (Merfolk Transmuter) Turns: 17771, Time: 01:08:41

Health: -5/111     AC:  8    Str: 16    XL:     12   Next: 72%
Magic:  18/20      EV: 18    Int: 14    God:    Makhleb [***...]
Gold:   515        SH:  0    Dex: 15    Spells: 2/22 levels left

rFire   . . .      SeeInvis .     - Unarmed
rCold   + + +      Faith    .   (shield currently unavailable)
rNeg    . . .      Spirit   .   (armour currently unavailable)
rPois   +          Reflect  .   (helmet currently unavailable)
rElec   .          Harm     .   (cloak currently unavailable)
rCorr   .          Rampage  .   (gloves currently unavailable)
Will    .....                   (boots currently unavailable)
Stlth   +.........              X - amulet of Lulleed {rF+ Regen+ Str+3 Slay+2}
HPRegen 1.08/turn               L - ring of poison resistance
MPRegen 0.17/turn               a - +4 ring of evasion

@: ice-form, hasted, very quick
A: freezing attack, boosted hp, large, (nimble swimmer 2), (mertail), screaming
1
a: End Transformation, Renounce Religion, Minor Destruction, Lesser Servant of
Makhleb


You were on level 2 of the Lair of Beasts.
You worshipped Makhleb.
Makhleb was most pleased with you.
You were a creature of crystalline ice.
You visited 3 branches of the dungeon, and saw 15 of its levels.
You also visited: Sewer and Ice Cave.

You collected 786 gold pieces.
You spent 271 gold pieces at shops.

Inventory:

Hand Weapons
 N - a +0 shortbow of flaming
 P - a +0 spear of flaming
 U - a +1 bardiche of freezing
Missiles
 c - 26 poisoned darts
 O - 143 arrows
Armour
 l - a +0 pair of boots of flying (melded)
 o - a +2 cloak (melded)
 w - a +0 buckler
 x - +0 steam dragon scales (melded)
 y - a +0 pair of gloves (melded)
 C - a +2 leather armour of cold resistance
 Q - a +0 helmet (melded)
Magical Staves
 W - a staff of poison (melded)
Jewellery
 a - a +4 ring of evasion (right front paw)
 b - an amulet of guardian spirit
 h - a ring of magical power
 s - an amulet of magic regeneration
 A - an amulet of the acrobat
 L - a ring of poison resistance (left front paw)
 X - the amulet of Lulleed (around neck) {rF+ Regen+ Str+3 Slay+2}
   (You found it in an ice cave)

   [amulet of regeneration]

   Str:       It affects your strength (+3).
   Slay:      It affects your accuracy & damage with ranged weapons and melee
   (+2).
   rF:        It protects you from fire.
   Regen:     It increases your rate of health regeneration.
Wands
 d - a wand of mindburst (7)
 E - a wand of iceblast (17)
 F - a wand of polymorph (12)
 I - a wand of flame (15)
 K - a wand of paralysis (10)
Scrolls
 e - 2 scrolls of enchant weapon {unknown}
 g - a scroll of vulnerability
 i - 4 scrolls of fear {unknown}
 j - a scroll of summoning
 k - a scroll of fog
 m - a scroll of brand weapon {unknown}
 u - 2 scrolls of immolation {unknown}
 v - 5 scrolls of teleportation {unknown}
 B - 3 scrolls of holy word {unknown}
 D - 2 scrolls of enchant armour {unknown}
 J - a scroll of acquirement {unknown}
 R - a scroll of magic mapping {unknown}
Potions
 f - 2 potions of flight
 n - a potion of ambrosia {unknown}
 p - a potion of curing
 q - a potion of haste
 r - 3 potions of brilliance
 t - 3 potions of degeneration
 G - a potion of berserk rage {unknown}
 M - a potion of lignification {unknown}
 V - 2 potions of attraction {unknown}


   Skills:
 * Level 8.2 Fighting
 * Level 5.0 Armour
 + Level 9.1 Dodging
 - Level 0.1 Stealth
 + Level 11.1 Unarmed Combat
 + Level 5.5 Spellcasting
 * Level 10.8 Transmutations
 * Level 7.4 Ice Magic
 * Level 1.1 Earth Magic
 * Level 7.7 Poison Magic


You had 2 spell levels left.
You knew the following spells:

 Your Spells              Type           Power      Damage    Failure   Level
a - Beastly Appendage     Tmut           68%        N/A       1%          1
b - Spider Form           Tmut/Pois      29%        N/A       1%          3
c - Ice Form              Ice/Tmut       29%        N/A       3%          4
d - Alistair's Intoxicat  Tmut/Pois      19%        N/A       10%         5
e - Sting                 Tmut/Pois      100%       1d8       1%          1
f - Statue Form           Tmut/Erth      13%        N/A       91%         6

Your spell library contained the following spells:

 Spells                   Type           Power      Damage    Failure   Level
 Wereblood                Tmut           34%        N/A       1%          2
 Poisonous Vapours        Pois/Air       28%        N/A       4%          2
 Apportation              Tloc           6%         N/A       17%         1
 Blink                    Tloc           6%         N/A       26%         2
 Sublimation of Blood     Necr           3%         N/A       26%         2
 Frozen Ramparts          Ice            48%        1d6       2%          3
 Olgreb's Toxic Radiance  Pois           25%        N/A       7%          4
 Petrify                  Tmut/Erth      20%        N/A       14%         4
 Inner Flame              Hex/Fire       3%         N/A       45%         3
 Irradiate                Conj/Tmut      9%         3d17      45%         5
 Metabolic Englaciation   Hex/Ice        7%         N/A       69%         5
 Cause Fear               Hex            1%         N/A       86%         4
 Freezing Cloud           Conj/Ice/Air   5%         6-21      86%         5
 Manifold Assault         Tloc           3%         N/A       99%         5
 Haunt                    Necr/Summ      1%         N/A       100%        7
 Storm Form               Tmut/Air       9%         N/A       100%        7
 Discord                  Hex            1%         N/A       100%        8


Dungeon Overview and Level Annotations

Branches:
Dungeon (12/15)            Temple (1/1) D:5            Lair (2/6) D:8
    Orc (0/2) D:9           Sewer (visited)           IceCv (visited)
  Swamp: Lair:2-4    Shoals: Lair:2-4     Snake: Lair:2-4    Spider: Lair:2-4

Altars:
Ashenzari
Cheibriados
Dithmenos
Elyvilon
Fedhas
Gozag
Hepliaklqana
Kikubaaqudgha
Makhleb
Nemelex Xobeh
Okawaru
Qazlal
Ru
Sif Muna
Trog
Uskayaw
Vehumet
Wu Jian
Xom
Yredelemnul
Zin
The Shining One

Shops:
D:6 (:((*   D:8 [

Annotations:
D:6 dig2books
D:10 3 runed translucent doors, siradein's ghost, journeyman MiFi


Innate Abilities, Weirdness & Mutations

You are a creature of crystalline ice.
You have a powerful freezing melee attack.
Your maximum health is increased.
Your armour is entirely melded.
You are incapable of wielding weapons or throwing items.
((You are quick and stealthy near water. (Stealth+, EV+, Speed+++)))
((Your lower body shifts to a powerful aquatic tail in water.))
You occasionally shout uncontrollably at your foes.


Message History

* * * LOW HITPOINT WARNING * * *
The blink frog barely misses you. The yak gores you.
* * * LOW HITPOINT WARNING * * *
You closely miss the blink frog.
The blink frog is lightly wounded.
The blink frog blinks!
The blink frog hits you but does no damage.
The yak completely misses you. The yak gores you!
* * * LOW HITPOINT WARNING * * *
You feel much better. The blink frog hits you!
* * * LOW HITPOINT WARNING * * *
The yak gores you!
* * * LOW HITPOINT WARNING * * *
The yak gores you.
* * * LOW HITPOINT WARNING * * *
The yak closely misses you.
You completely miss the blink frog.
The blink frog blinks!
The yak completely misses you. The yak gores you but does no damage.
The yak completely misses you.
You pummel the yak!! You freeze the yak!
You kill the yak!
Makhleb accepts your kill.
You feel better. The yak barely misses you. The yak closely misses you.
You hit the blink frog. You freeze the blink frog.
The blink frog is lightly wounded.
The yak closely misses you. The blink frog hits you.
* * * LOW HITPOINT WARNING * * *
The blink frog blinks!
The yak misses you.
You barely miss the blink frog.
The blink frog is lightly wounded.
The yak gores you.
* * * LOW HITPOINT WARNING * * *
The yak gores you but does no damage. The blink frog completely misses you.
The yak gores you!
* * * LOW HITPOINT WARNING * * *
You feel better. The blink frog closely misses you.
The yak barely misses you. x3
You feel yourself speed up. The blink frog hits you!
* * * LOW HITPOINT WARNING * * *
The yak misses you. The yak gores you!
You die...

..............##.........
...Y..........###.†......
...............##........
..............###........
..............###.....#.P
..............F..........
....FYYY#......
..§##Y#Y##P.... .. ##YY#
#.... ##F§§F....
§§P?..... .§§#.....
......... .Y...P...
#.Y....... ..#...


You could see 5 yaks and 3 blink frogs.

Vanquished Creatures
  A boulder beetle (D:6)
  A death yak (D:11)
  3 two-headed ogres
  2 ugly things (IceCv)
  A manticore (D:11)
  A centaur zombie (D:11)
  3 ice statues (IceCv)
  3 cane toads
  2 kobold demonologists (D:10)
  An anaconda simulacrum (IceCv)
  2 rime drakes (D:12)
  A komodo dragon (D:12)
  2 polar bears
  6 trolls
  A blink frog (Lair:2)
  A hornet (D:8)
  3 centaur simulacra (D:10)
  A wraith (D:10)
  27 yaks
  A wyvern (D:6)
  A steam dragon (Lair:1)
  A basilisk (Lair:2)
  A harpy simulacrum (IceCv)
  An acid dragon (D:11)
  6 water moccasins
  A hornet zombie (D:8)
  2 orc warriors (D:8)
  A sky beast (D:8)
  8 ice beasts
  3 black bears
  A necrophage (D:6)
  4 centaurs
  4 wolves
  A phantom (D:4)
  A bullfrog (D:8)
  6 kobold brigands
  2 scorpions
  A cane toad simulacrum (IceCv)
  A gnoll sergeant (D:9)
  2 water moccasin skeletons (D:4)
  10 killer bees
  A howler monkey (D:4)
  A jelly (D:5)
  A bullfrog skeleton (D:6)
  3 orc priests
  2 iguanas
  4 orc wizards
  3 polar bear simulacra (IceCv)
  A wolf simulacrum (IceCv)
  A killer bee zombie (D:5)
  A hound skeleton (D:2)
  A howler monkey zombie (D:10)
  Robin (D:3)
  A howler monkey skeleton (D:4)
  7 adders
  5 gnolls (D:9)
  4 river rats
  A shadow imp (D:6)
  4 white imps
  A howler monkey simulacrum (D:10)
  3 ufetubi
  An adder skeleton (D:4)
  5 worms
  4 dart slugs
  12 orcs
  11 ball pythons
  5 bats
  A bat skeleton (D:2)
  10 endoplasms
  7 giant cockroaches
  15 goblins
  11 hobgoblins
  19 kobolds
  4 quokkas (D:3)
  A ball python skeleton (D:2)
  A ball python zombie (D:2)
  3 frilled lizards
  2 quokka skeletons
  6 rats
285 creatures vanquished.

Vanquished Creatures (others)
  6 fungi (D:8)
  4 plants
10 creatures vanquished.

Grand Total: 295 creatures vanquished

Notes
Turn   | Place    | Note
-------+----------+-------------------------------------------
     0 | D:1      | fragbeetle the Merfolk Transmuter began the quest for the
                  | Orb.
     0 | D:1      | Reached XP level 1. HP: 15/15 MP: 3/3
   108 | D:1      | Reached XP level 2. HP: 21/21 MP: 3/5
   340 | D:1      | Found a faded altar of an unknown god.
   954 | D:1      | Reached XP level 3. HP: 22/26 MP: 4/6
  1224 | D:1      | Learned a level 3 spell: Spider Form
  1564 | D:2      | Reached XP level 4. HP: 25/33 MP: 4/7
  1611 | D:2      | Reached skill level 4 in Unarmed Combat
  1858 | D:2      | Found a bloodstained altar of Trog.
  2235 | D:3      | Reached XP level 5. HP: 35/39 MP: 8/8
  2249 | D:3      | Reached skill level 1 in Poison Magic
  2274 | D:3      | Found a glowing drain.
  2352 | Sewer    | Entered a sewer
  2436 | Sewer    | Noticed a kobold brigand
  2463 | Sewer    | Killed a kobold brigand
  2548 | Sewer    | Noticed a kobold brigand
  2579 | Sewer    | Killed a kobold brigand
  2580 | Sewer    | Reached skill level 1 in Armour
  2580 | Sewer    | Reached XP level 6. HP: 32/46 MP: 6/9
  3281 | Sewer    | Reached skill level 5 in Unarmed Combat
  3281 | Sewer    | Reached XP level 7. HP: 6/52 MP: 1/11
  3733 | D:3      | Found an iron altar of Okawaru.
  3823 | D:3      | Noticed Robin
  3887 | D:3      | Killed Robin
  3983 | D:3      | Reached skill level 5 in Transmutations
  4511 | D:3      | Learned a level 4 spell: Ice Form
  5412 | D:4      | Reached skill level 1 in Ice Magic
  5743 | D:5      | Entered Level 5 of the Dungeon
  5756 | D:5      | Found a staircase to the Ecumenical Temple.
  5786 | Temple   | Entered the Ecumenical Temple
  5948 | Temple   | Became a worshipper of Makhleb the Destroyer
  6044 | D:5      | Reached XP level 8. HP: 50/58 MP: 9/12
  6609 | D:5      | Learned a level 5 spell: Alistair's Intoxication
  6665 | D:5      | Noticed a two-headed ogre
  6765 | D:6      | Reached skill level 6 in Unarmed Combat
  6807 | D:6      | Found Juenov's Antique Weapon Shop.
  6997 | D:6      | Found Uhamobo's Antique Weapon Boutique.
  7063 | D:6      | Found Nuoc's General Store.
  7091 | D:6      | Bought a scroll of vulnerability for 97 gold pieces
  7091 | D:6      | Bought a potion of degeneration for 13 gold pieces
  7111 | D:6      | Found Okak's Antique Weapon Boutique.
  7343 | D:6      | Found a basalt altar of Yredelemnul.
  7343 | D:6      | Found a blossoming altar of Fedhas.
  7349 | D:6      | Found a shadowy altar of Dithmenos.
  7355 | D:6      | Found a faded altar of an unknown god.
  7356 | D:6      | Found a bloodstained altar of Trog.
  7392 | D:6      | Noticed a boulder beetle
  7420 | D:6      | Killed a boulder beetle
  7421 | D:6      | Reached skill level 5 in Dodging
  7421 | D:6      | Reached XP level 9. HP: 57/67 MP: 10/14
  7463 | D:6      | Reached skill level 5 in Fighting
  7507 | D:6      | Found Awoskiy's Book Shop.
  7649 | D:6      | Found a white marble altar of Elyvilon.
  7701 | D:6      | Reached * piety under Makhleb
  7702 | D:6      | Reached skill level 7 in Unarmed Combat
  7849 | D:5      | Killed a two-headed ogre
  8643 | D:7      | Found a broken altar of Ashenzari.
  8831 | D:7      | Found an opulent altar of Gozag.
  8832 | D:7      | Found a glowing silver altar of Zin.
  9056 | D:8      | Found Jagoehez's Armour Emporium.
  9056 | D:8      | Noticed a hornet
  9060 | D:8      | Killed a hornet
  9085 | D:7      | Reached XP level 10. HP: 33/75 MP: 11/16
  9376 | D:8      | Reached skill level 5 in Poison Magic
  9810 | D:8      | Found a staircase to the Lair.
  9822 | D:8      | Reached skill level 8 in Unarmed Combat
 10407 | D:8      | Found a radiant altar of Vehumet.
 10506 | D:8      | Bought a +0 pair of boots of flying for 161 gold pieces
 11805 | D:9      | Found a staircase to the Orcish Mines.
 11847 | D:9      | Learned a level 1 spell: Sting
 12497 | D:8      | Reached skill level 5 in Ice Magic
 12850 | D:10     | Entered Level 10 of the Dungeon
 13210 | D:10     | Noticed a kobold demonologist
 13212 | D:10     | Noticed a kobold demonologist
 13227 | D:11     | Noticed a manticore
 13236 | D:11     | Killed a manticore
 13237 | D:11     | Reached XP level 11. HP: 32/83 MP: 13/18
 13488 | D:10     | Reached skill level 9 in Unarmed Combat
 13840 | D:11     | Reached skill level 5 in Spellcasting
 14060 | D:10     | Gained mutation: You occasionally shout uncontrollably at
                  | your foes. [a neqoxec]
 14122 | D:10     | Noticed a death yak
 14211 | D:11     | Noticed a two-headed ogre
 14235 | D:11     | Killed a two-headed ogre
 14345 | D:11     | Reached ** piety under Makhleb
 14403 | D:11     | Noticed a two-headed ogre
 14447 | D:11     | Killed a two-headed ogre
 14866 | D:11     | Killed a death yak
 14867 | D:11     | Reached skill level 10 in Transmutations
 15059 | D:10     | Reached skill level 10 in Unarmed Combat
 15131 | D:10     | Found a runed translucent gate.
 15132 | D:10     | Found a runed translucent gate.
 15132 | D:10     | Found a runed translucent gate.
 15173 | D:10     | Noticed siradein's ghost (journeyman MiFi)
 15584 | D:11     | Reached XP level 12. HP: 85/91 MP: 16/19
 15815 | D:12     | Found a frozen archway.
 15885 | IceCv    | Entered an ice cave
 16797 | IceCv    | Identified the amulet of Lulleed {rF+ Regen+ Str+3 Slay+2}
 16966 | Lair:1   | Entered Level 1 of the Lair of Beasts
 17078 | Lair:1   | Reached *** piety under Makhleb
 17095 | Lair:1   | Learned a level 6 spell: Statue Form
 17206 | Lair:1   | Got the Reference Book on Lethal Snow
 17732 | Lair:2   | Reached skill level 11 in Unarmed Combat
 17747 | Lair:2   | Reached skill level 1 in Earth Magic
 17754 | Lair:2   | Reached skill level 5 in Armour
 17771 | Lair:2   | Slain by a yak

Illustrated notes

Levels and vault maps discovered:
D:1:      psy_arrival_dodecagon, layout_loops_cross,
          shapermc_ecumenical_altar_gd
D:2:      layout_rooms, serial_undead, serial_undead_a, serial_undead_a,
          serial_undead_f, serial_undead_d, basic_altar
D:3:      layout_basic, overflow_temple_1_default, gup_sewer_entry_spiral,
          minmay_splitting_lines, uniq_robin
D:4:      layout_basic
D:5:      layout_loops_cross, minmay_temple_entry_sparse_star
D:6:      layout_basic, mainiacjoe_overflow_brackets,
          chequers_temple_overflow_minitemple, serial_shops,
          nicolae_shop_statue_plus, nicolae_square_shop, nicolae_diamond_shop,
          shop, nicolae_shop_crystal
D:7:      layout_rooms, grunt_temple_overflow_gold_and_silver,
          lemuel_crystal_altar, serial_rivers, chequers_serial_rivers_small_a,
          chequers_serial_rivers_room_b, chequers_serial_rivers_room_b,
          chequers_serial_rivers_room_b
D:8:      layout_loops_cross, lemuel_tele_altar, grunt_lair_entry_orc_guard_hut,
          dreamdust_deal_with_the_devil, kennysheep_small_circle
D:9:      layout_grid_maze, orc_0_dummy, chequers_serial_rivers_micro_e
D:10:     layout_long_grid, gammafunk_ghost_icy, serial_ice, serial_ice_j,
          serial_ice_n, serial_ice_d, serial_ice_h, serial_ice_f, serial_ice_o,
          serial_ice_b, serial_ice_m, minmay_misc_feat_doors
D:11:     layout_cave_pools, eino_small_chamber_without_monster
D:12:     layout_basic, portal_ice_cave_rime,
          amcnicky_mini_rare_corridor_liquid, tgw_trog, uniq_rupert
Temple:   minmay_temple_bridge_abc
Lair:1:   layout_regular_city
Lair:2:   layout_gridlike, palyth_hydra_swamp_entry,
          nicolae_volcano_entry_lava_flow, ebering_ghost_inner_flame,
          serial_bayou_shore_b

Skill      XL: |  1  2  3  4  5  6  7  8  9 10 11 12 |
---------------+-------------------------------------+-----
Dodging        | 3 5 7 8 9 |  9.1
Transmutations | 3 4 5 7 9 10 | 10.8
Fighting       | 2 3 4 5 6 7 8 |  8.2
Unarmed Combat | 4 5 6 7 8 10 11 | 11.1
Poison Magic   | 1 2 4 6 7 |  7.7
Armour         | 1 2 3 4 5 |  5.0
Spellcasting   | 3 4 5 |  5.5
Ice Magic      | 1 3 4 5 6 7 |  7.4
Earth Magic    | 1 |  1.1
Stealth        | |  0.1

Action                   |  1- 3 |  4- 6 |  7- 9 | 10-12 || total
-------------------------+-------+-------+-------+-------++-------
Melee: Unarmed           |   128 |   194 |   318 |   552 ||  1192
       Headbutt          |    16 |    35 |    26 |       ||    77
       Tailslap          |       |    19 |       |       ||    19
       Punch             |       |     1 |     5 |       ||     6
 Cast: Beastly Appendage |    23 |    31 |    28 |       ||    82
       Spider Form       |       |       |    24 |    21 ||    45
       Ice Form          |       |       |     4 |    31 ||    35
  Use: Scroll            |       |     3 |     4 |     3 ||    10
       Potion            |       |     1 |     1 |     5 ||     7
 Stab: Sleeping          |     2 |     3 |     1 |     1 ||     7
       Distracted        |       |       |     1 |       ||     1
Armor: Robe              |    22 |     2 |       |       ||    24
       Leather armour    |       |     9 |    56 |     8 ||    73
       Skin              |       |       |    10 |   127 ||   137
       Steam dragon scal |       |       |       |     1 ||     1
Dodge: Dodged            |    69 |    85 |   206 |   561 ||   921

Table legend: (Time is in decaauts)
 A = Elapsed time spent in this place.
 B = Non-inter-level travel time spent in this place.
 C = Inter-level travel time spent in this place.
 D = Time resting spent in this place.
 E = Time spent auto-exploring this place.
 F = Levels seen in this place.
 G = Mean time per level.
                   A        B        C        D        E       F      G
               +--------+--------+--------+--------+--------+-----+--------+
         Total |  17412 |  16931 |    481 |   6277 |   2290 |  17 | 1024.2 |
       Dungeon |  14365 |  13885 |    480 |   4957 |   1915 |  12 | 1197.1 |
        Temple |    188 |    188 |      0 |      0 |    127 |   1 |  188.0 |
          Lair |    785 |    785 |      0 |      5 |    219 |   2 |  392.5 |
         Sewer |   1132 |   1132 |      0 |    619 |     28 |   1 | 1132.0 |
      Ice Cave |    940 |    940 |      0 |    696 |      0 |   1 |  940.0 |
               +--------+--------+--------+--------+--------+-----+--------+

Top non-repeatable levels by time:
     D:9: 1933 daAuts
    D:11: 1829 daAuts
     D:8: 1636 daAuts
     D:6: 1373 daAuts
     D:1: 1346 daAuts
     D:5: 1255 daAuts
     D:4: 1159 daAuts
   Sewer: 1132 daAuts
    D:10: 1113 daAuts
     D:3: 1097 daAuts
   IceCv: 940 daAuts
     D:2: 798 daAuts
  Lair:1: 724 daAuts
     D:7: 676 daAuts
  Temple: 188 daAuts
